 Dungeon Crawl Stone Soup version 0.26-a0-690-gcb57259078 (webtiles) character file.

Game seed: 2067445780714704200

145 karrick the Cudgeler (level 5, -4/31 HPs)
             Began as a Gargoyle Gladiator on Oct 25, 2020.
             Slain by Natasha (6 damage)
             ... on level 3 of the Dungeon.
             The game lasted 00:02:29 (2657 turns).

karrick the Cudgeler (Gargoyle Gladiator)           Turns: 2657, Time: 00:02:30

Health: -4/31      AC:  8    Str: 18    XL:     5   Next: 27%
Magic:  5/5        EV: 12    Int:  9    God:
Gold:   172        SH:  0    Dex: 11    Spells: 4/4 levels left

rFire    . . .     SeeInvis .   n - +1 dagger (venom)
rCold    . . .     Faith    .   (no shield)
rNeg     + . .     Spirit   .   b - +0 leather armour
rPois    ∞         Reflect  .   c - +0 helmet
rElec    +         Harm     .   (no cloak)
rCorr    .         Rampage  .   (no gloves)
MR       .....                  (no boots)
Stlth    +.........             (no amulet)
HPRegen  0.10/turn              (no ring)
MPRegen  0.09/turn              (no ring)

@: no status effects
A: negative energy resistance 1, electricity resistance, unbreathing,
petrification resistance, rot immunity, AC +4
a: no special abilities


You were on level 3 of the Dungeon.
You visited 1 branch of the dungeon, and saw 3 of its levels.

You collected 172 gold pieces.

Inventory:

Hand Weapons
 a - a +0 flail
 n - a +1 dagger of venom (weapon)
Missiles
 d - 3 throwing nets (quivered)
Armour
 b - a +0 leather armour (worn)
 c - a +0 helmet (worn)
Scrolls
 f - 3 scrolls of immolation {unknown}
 g - a scroll of enchant armour {unknown}
 i - 2 scrolls of identify {unknown}
 j - a scroll of enchant weapon {unknown}
Potions
 e - 2 potions of curing {unknown}
 h - a potion of magic {unknown}
 k - a potion of haste {unknown}
 l - a potion of heal wounds {unknown}
 m - 2 potions of invisibility


   Skills:
 + Level 2.5 Fighting
 + Level 4.4 Maces & Flails
 - Level 1.9 Throwing
 + Level 1.8 Armour
 + Level 3.2 Dodging
 + Level 0.2 Stealth


You had 4 spell levels left.
You didn't know any spells.
Your spell library was empty.

Dungeon Overview and Level Annotations

Branches:
Dungeon (3/15)

Altars:

Annotations:
D:3 Natasha


Innate Abilities, Weirdness & Mutations

You are resistant to torment.
Your stone body is resilient. (AC +4)
You are immune to poison.
You resist negative energy. (rN+)
You are resistant to electric shocks. (rElec)
You can survive without breathing.
You are immune to petrification.
You are immune to rotting.


Message History

The gnoll hits you but does no damage.
You hit the gnoll but do no damage.
The gnoll looks as sick as possible!
The gnoll is almost dead.
You kill the gnoll!
You closely miss Natasha. Natasha claws you!
* * * LOW HITPOINT WARNING * * *
You closely miss Natasha. Natasha claws you but does no damage.
You hit Natasha.
Natasha is poisoned.
Natasha is moderately wounded.
Natasha claws you but does no damage.
You closely miss Natasha.
Natasha is moderately wounded.
Natasha barely misses you.
The frilled lizard unfolds its giant frill.
Natasha stares at you and mumbles some strange words.
You resist with some effort.
You hit Natasha but do no damage.
Natasha is almost dead.
Natasha claws you.
You die...

#)# ###### #5# .....#
#.# ####.# #g# #[<#.#
#g# ##.#.# #.# ...#.#
#S########## ####.#
#h##........ #.# #+
#@##........ ## #.#
#.###.##........ .# #.#
#............... .# #.#
#.[............. .#
#.########).............
.#
#......())....##........
##
###########.#.##########
#.#.# #...#


You could see Natasha (poisoned), 2 gnolls, an adder and a white imp (summoned).

Vanquished Creatures
  A hound zombie (D:2)
  A gnoll (D:3)
  6 adders
  A worm (D:2)
  A leopard gecko (D:3)
  A ball python (D:1)
  2 giant cockroaches
  7 goblins
  6 hobgoblins
  14 jackals
  6 kobolds
  2 quokkas (D:3)
  5 bats
  2 frilled lizards
  3 rats
58 creatures vanquished.

Notes
Turn   | Place    | Note
-------+----------+-------------------------------------------
     0 | D:1      | karrick the Gargoyle Gladiator began the quest for the Orb.
     0 | D:1      | Reached XP level 1. HP: 12/12 MP: 1/1
   316 | D:1      | Reached XP level 2. HP: 5/17 MP: 2/2
  1206 | D:2      | Reached XP level 3. HP: 21/21 MP: 3/3
  1683 | D:2      | Reached XP level 4. HP: 16/27 MP: 4/4
  1828 | D:2      | Reached skill level 4 in Maces & Flails
  2255 | D:3      | Reached skill level 1 in Armour
  2454 | D:3      | Reached XP level 5. HP: 24/31 MP: 5/5
  2604 | D:3      | Noticed Natasha
  2647 | D:3      | HP: 1/31 [Natasha (7)]
  2657 | D:3      | Slain by Natasha

Illustrated notes

Levels and vault maps discovered:
D:1:      dpeg_arrival_water_fire, layout_rooms, serial_forest,
          infiniplex_forest_straight_3, infiniplex_forest_clump_C,
          infiniplex_forest_clump_small, infiniplex_forest_lined_2,
          infiniplex_forest_end_3, infiniplex_forest_straight_2
D:2:      layout_basic, minmay_misc_feat_room
D:3:      layout_basic, uniq_natasha, uniq_crazy_yiuf_cottage

Skill      XL: |  1  2  3  4 |
---------------+-------------+-----
Dodging        | 3 |  3.2
Maces & Flails | 4 |  4.4
Armour         | 1 |  1.8
Fighting       | |  2.5
Throwing       | |  1.9
Stealth        | |  0.2

Action                   |  1- 3 |  4- 6 || total
-------------------------+-------+-------++-------
Melee: Flail             |   111 |   127 ||   238
       Dagger            |       |    14 ||    14
Armor: Leather armour    |    47 |    67 ||   114
Dodge: Dodged            |    92 |   112 ||   204

Table legend: (Time is in decaauts)
 A = Elapsed time spent in this place.
 B = Non-inter-level travel time spent in this place.
 C = Inter-level travel time spent in this place.
 D = Time resting spent in this place.
 E = Time spent auto-exploring this place.
 F = Levels seen in this place.
 G = Mean time per level.
                   A        B        C        D        E       F      G
               +--------+--------+--------+--------+--------+-----+--------+
         Total |   2704 |   2645 |     59 |    333 |   1860 |   3 |  901.3 |
       Dungeon |   2704 |   2645 |     59 |    333 |   1860 |   3 |  901.3 |
               +--------+--------+--------+--------+--------+-----+--------+

Top non-repeatable levels by time:
     D:2: 1228 daAuts
     D:1: 1032 daAuts
     D:3: 443 daAuts
